 Dungeon Crawl Stone Soup version 0.25.1-8-g42b30a86e7 (webtiles) character file.

Game seed: 16830106681304165887

3404 growler the Martial Artist (level 10, -3/65 HPs)
             Began as a Merfolk Transmuter on Dec 10, 2020.
             Was a Priest of Cheibriados.
             Slain by a two-headed ogre
             ... wielding a +0 giant club
              (10 damage)
             ... on level 8 of the Dungeon.
             The game lasted 00:35:43 (12115 turns).

growler the Martial Artist (Merfolk Transmuter)    Turns: 12115, Time: 00:35:44

Health: -3/65      AC:  2    Str: 20    XL:     10   Next: 4%
Magic:  14/17      EV: 22    Int: 18    God:    Cheibriados [***...]
Gold:   590        SH:  0    Dex: 32    Spells: 4/19 levels left

rFire    . . .     SeeInvis .     - Unarmed
rCold    . . .     Gourm    .   (shield currently unavailable)
rNeg     . . .     Faith    .   (armour currently unavailable)
rPois    x         Spirit   .   (helmet currently unavailable)
rElec    .         Reflect  .   (cloak currently unavailable)
rCorr    .         Harm     .   (gloves currently unavailable)
MR       .....                  (boots currently unavailable)
Stlth    +++.......             (no amulet)
HPRegen  0.20/turn              x - ring of stealth
MPRegen  0.15/turn              k - +6 ring of dexterity

@: spider-form, very slow
A: tiny, (change form in water), (swift swim), (stealthy swim)
a: End Transformation, Bend Time, Temporal Distortion, Renounce Religion


You were on level 8 of the Dungeon.
You worshipped Cheibriados.
Cheibriados was most pleased with you.
You were hungry.
You were a venomous arachnid creature.
You visited 2 branches of the dungeon, and saw 9 of its levels.

You collected 590 gold pieces.

Inventory:

Missiles
 a - 166 arrows
Armour
 b - a +0 robe (melded)
 j - a +0 pair of gloves (melded)
   (You found it on level 2 of the Dungeon)
 q - a scarf of invisibility (melded)
   (You found it on level 4 of the Dungeon)
 s - a +0 pair of boots (melded)
   (You found it on level 4 of the Dungeon)
 t - a +0 buckler
   (You found it on level 4 of the Dungeon)
Jewellery
 k - a +6 ring of dexterity (right front leg)
   (You found it on level 6 of the Dungeon)
 x - a ring of stealth (left front leg)
   (You found it on level 6 of the Dungeon)
 E - a +6 ring of intelligence
   (You found it on level 8 of the Dungeon)
Wands
 v - a wand of digging (7)
   (You found it on level 7 of the Dungeon)
Scrolls
 c - 11 scrolls of identify {unknown}
 d - 3 scrolls of magic mapping {unknown}
 h - 4 scrolls of remove curse {unknown}
 i - 8 scrolls of teleportation {@r4}
 n - 2 scrolls of immolation {unknown}
 o - a scroll of amnesia {unknown}
 u - 2 scrolls of enchant armour {unknown}
 w - 2 scrolls of fog {unknown}
 y - a scroll of summoning {unknown}
 A - 2 scrolls of blinking {unknown}
 B - 3 scrolls of enchant weapon {unknown}
Potions
 f - 2 potions of brilliance
 g - a potion of lignification {unknown}
 l - a potion of stabbing {unknown}
 m - a potion of haste {unknown}
 p - a potion of resistance {unknown}
 r - a potion of berserk rage {unknown}
 z - 3 potions of might
 C - a potion of curing {@q1}
Comestibles
 e - 20 rations {!d}
 D - 8 chunks of flesh


   Skills:
 - Level 1.1 Fighting
 - Level 2.6 Dodging
 + Level 9.7 Unarmed Combat
 - Level 5.0 Spellcasting
 + Level 7.8 Transmutations
 - Level 6.0 Ice Magic
 - Level 2.0 Poison Magic
 - Level 6.0 Invocations


You had 4 spell levels left.
You knew the following spells:

 Your Spells              Type           Power        Failure   Level  Hunger
a - Beastly Appendage     Tmut           ####..       3%          1    None
b - Blade Hands           Tmut           ####......   34%         5    ######.
c - Ice Form              Ice/Tmut       ####....     21%         4    ####...
s - Sticks to Snakes      Tmut           ####....     4%          2    #......
x - Spider Form           Tmut/Pois      ###.......   16%         3    ##.....

Your spell library contained the following spells:

 Spells                   Type           Power        Failure   Level  Hunger
 Summon Small Mammal      Summ           #...         30%         1    None
 Call Imp                 Summ           #.......     41%         2    #......
 Call Canine Familiar     Summ           #.......     58%         3    ##.....
 Summon Guardian Golem    Hex/Summ       #.......     58%         3    ##.....
 Summon Ice Beast         Ice/Summ       ###.....     58%         4    ####...
 Summon Lightning Spire   Summ/Air       #.......     91%         4    ####...


Dungeon Overview and Level Annotations

Branches:
Dungeon (8/15)             Temple (1/1) D:4
   Lair: D:8-11

Altars:
Ashenzari
Cheibriados
Dithmenos
Elyvilon
Fedhas
Gozag
Hepliaklqana
Kikubaaqudgha
Makhleb
Nemelex Xobeh
Okawaru
Qazlal
Ru
Sif Muna
Trog
Uskayaw
Vehumet
Wu Jian
Xom
Yredelemnul
Zin
The Shining One

Shops:
D:4 *   D:6 :   D:7 (


Message History

< or
E - a +6 ring of intelligence; > or
k - a +6 ring of dexterity You remove your +6 ring of intelligence.
You feel stupid.
x - a ring of stealth (left hand)
You turn into a venomous arachnid creature.
Your scarf of invisibility melds into your body.
Your +0 pair of gloves melds into your body.
Your +0 pair of boots melds into your body.
Your +0 robe melds into your body.
You are feeling hungry.
The helpless two-headed ogre fails to defend itself.
You hit the two-headed ogre but do no damage.
The two-headed ogre completely misses you.
The two-headed ogre hits you but does no damage.
You hit the two-headed ogre.
The two-headed ogre is poisoned.
You completely miss the two-headed ogre.
The two-headed ogre misses you.
The two-headed ogre hits you with a +0 giant spiked club!
You bite the two-headed ogre!
The two-headed ogre looks as sick as possible!
The two-headed ogre completely misses you. x2
You hit the two-headed ogre but do no damage.
The two-headed ogre looks as sick as possible!
You hit the two-headed ogre but do no damage.
The two-headed ogre hits you with a +0 giant club!!
* * * LOW HITPOINT WARNING * * *
The two-headed ogre misses you.
You create 2 snakes!
You now have 166 arrows.
The two-headed ogre hits you with a +0 giant club!
* * * LOW HITPOINT WARNING * * *
The two-headed ogre misses you.
Your adder barely misses the two-headed ogre.
You bite the two-headed ogre!
The two-headed ogre looks as sick as possible!
Your adder closely misses the two-headed ogre.
You bite the two-headed ogre!
The two-headed ogre looks as sick as possible!
The two-headed ogre hits you with a +0 giant club.
* * * LOW HITPOINT WARNING * * *
The two-headed ogre hits you with a +0 giant spiked club!
* * * LOW HITPOINT WARNING * * *
Your adder bites the two-headed ogre.
The two-headed ogre looks as sick as possible!
Your adder poisons the two-headed ogre!
You hit the two-headed ogre but do no damage.
The two-headed ogre looks as sick as possible!
Your adder barely misses the two-headed ogre.
The two-headed ogre completely misses you.
The two-headed ogre hits you with a +0 giant spiked club!
You die...

#.....#.##.........
####.......+.........
.#.......####.........
.........# ##.......#
##.####..# ##.....##
#.##...(# ##...##
#......## ##'##
####.### #.# #s# #.#
#O# #######.## #S#
.........## .S.
#####.....# #.#..
##...## #. .## ##..###
## ## #..... #.####
#.#


You could see a two-headed ogre (extremely poisoned), a friendly adder and a
friendly ball python.

Vanquished Creatures
  A hornet (D:8)
  2 hippogriffs
  Grinder (D:6)
  Sigmund (D:5)
  Edmund (D:4)
  An ice beast (D:8)
  3 sky beasts
  4 ogres
  3 centaurs
  A bullfrog (D:7)
  A scorpion (D:7)
  A water moccasin skeleton (D:5)
  2 electric eels (D:6)
  A howler monkey (D:3)
  5 crimson imps
  2 bullfrog zombies (D:5)
  A hound (D:7)
  A centaur zombie (D:8)
  A jelly (D:8)
  3 orc priests
  Natasha (thrice) (D:4)
  6 orc wizards
  6 worker ants
  A hound zombie (D:8)
  A worker ant zombie (D:5)
  A howler monkey zombie (D:7)
  9 gnolls
  5 adders
  A river rat (D:4)
  2 shadow imps
  An ooze (D:1)
  3 adder skeletons
  A worm (D:2)
  A dart slug (D:1)
  5 leopard geckos
  17 orcs
  A ball python (D:3)
  9 giant cockroaches
  2 goblins (D:1)
  8 hobgoblins
  10 jackals
  6 kobolds (D:1)
  5 quokkas
  3 bats
  5 frilled lizards
  A quokka skeleton (D:7)
  9 rats
158 creatures vanquished.

Vanquished Creatures (collateral kills)
  A centaur skeleton (D:5)
  A gnoll (D:2)
  6 adders
  A leopard gecko (D:5)
  A bat (D:2)
10 creatures vanquished.

Grand Total: 168 creatures vanquished

Notes
Turn   | Place    | Note
-------+----------+-------------------------------------------
     0 | D:1      | growler the Merfolk Transmuter began the quest for the Orb.
     0 | D:1      | Reached XP level 1. HP: 15/15 MP: 3/3
   289 | D:1      | Reached XP level 2. HP: 15/21 MP: 5/5
   427 | D:1      | Learned a level 2 spell: Sticks to Snakes
   728 | D:1      | Reached XP level 3. HP: 14/26 MP: 6/6
   733 | D:1      | Learned a level 3 spell: Spider Form
  1425 | D:2      | Reached skill level 4 in Unarmed Combat
  1536 | D:2      | Reached XP level 4. HP: 32/32 MP: 1/8
  1741 | D:2      | Found a radiant altar of Vehumet.
  1944 | D:2      | Reached skill level 1 in Poison Magic
  3138 | D:3      | Reached XP level 5. HP: 32/37 MP: 5/9
  3144 | D:3      | Learned a level 4 spell: Ice Form
  3248 | D:3      | Found a basalt altar of Yredelemnul.
  4413 | D:4      | Noticed Edmund
  4425 | D:4      | Killed Edmund
  4425 | D:4      | Reached skill level 5 in Unarmed Combat
  4425 | D:4      | Reached skill level 5 in Transmutations
  4425 | D:4      | Reached XP level 6. HP: 36/43 MP: 4/11
  4901 | D:4      | Found Voraim's Assorted Antiques.
  5194 | D:4      | Found a staircase to the Ecumenical Temple.
  5196 | D:4      | Noticed Natasha
  5202 | D:4      | Killed Natasha
  5202 | D:4      | Reached XP level 7. HP: 48/48 MP: 8/12
  5213 | Temple   | Entered the Ecumenical Temple
  5372 | Temple   | Became a worshipper of Cheibriados the Contemplative
  5503 | D:4      | Noticed Natasha
  5509 | D:4      | Killed Natasha
  6185 | D:4      | Noticed Natasha
  6190 | D:4      | Killed Natasha
  6190 | D:4      | Reached skill level 1 in Ice Magic
  6370 | D:5      | Entered Level 5 of the Dungeon
  6864 | D:5      | Noticed Sigmund
  6876 | D:5      | Killed Sigmund
  6876 | D:5      | Reached skill level 6 in Unarmed Combat
  6943 | D:5      | Reached XP level 8. HP: 50/54 MP: 14/14
  7100 | D:5      | Reached * piety under Cheibriados
  7107 | D:5      | Learned a level 5 spell: Blade Hands
  7509 | D:5      | Reached skill level 5 in Spellcasting
  7519 | D:5      | Reached skill level 7 in Unarmed Combat
  7773 | D:5      | Reached skill level 1 in Invocations
  7863 | D:5      | Found an ancient bone altar of Kikubaaqudgha.
  8098 | D:6      | Noticed Grinder
  8339 | D:6      | Killed Grinder
  8339 | D:6      | Reached skill level 5 in Ice Magic
  8352 | D:6      | Reached XP level 9. HP: 59/59 MP: 13/16
  8571 | D:6      | Found Ycehioc's Book Shop.
  8615 | D:6      | HP: 1/59 [electric eel/bolt of electricity (8)]
  9271 | D:6      | Reached skill level 8 in Unarmed Combat
  9864 | D:7      | Reached ** piety under Cheibriados
 10265 | D:7      | Found Bom Nyc's Antique Weapon Boutique.
 10837 | D:7      | Found a shimmering blue altar of Sif Muna.
 10867 | D:7      | Reached skill level 5 in Invocations
 11186 | D:8      | Reached skill level 9 in Unarmed Combat
 11535 | D:8      | Noticed a hornet
 11539 | D:8      | Killed a hornet
 11976 | D:8      | Reached XP level 10. HP: 65/65 MP: 12/17
 12044 | D:8      | Reached *** piety under Cheibriados
 12093 | D:8      | Noticed a two-headed ogre
 12115 | D:8      | Slain by a two-headed ogre

Illustrated notes

Levels and vault maps discovered:
D:1:      minmay_arrival_solitary_statue, layout_loops_ring
D:2:      wad_woods_stonehenge, layout_basic, kennysheep_boxes
D:3:      layout_basic, yredelemnul_altar_generic
D:4:      layout_basic, minmay_temple_entry_drinking_statues,
          gup_sewer_entry_bowl, serial_shops, nicolae_shop_overgrown_old_shop,
          uniq_natasha, uniq_edmund
D:5:      layout_gridville, basic_altar, first_ration, uniq_sigmund
D:6:      layout_loops_cross, serial_shops, nicolae_shop_crystal,
          water_maze_lemuel, uniq_grinder
D:7:      layout_layer_cave, serial_shops, nicolae_shop_crystal, basic_altar
D:8:      layout_loops_corners
Temple:   kilobyte_greek_temple

Skill      XL: |  1  2  3  4  5  6  7  8  9 |
---------------+----------------------------+-----
Transmutations | 3 4 5 6 7 |  7.8
Unarmed Combat | 4 5 6 7 9 |  9.7
Poison Magic   | 1 2 |  2.0
Spellcasting   | 3 4 5 |  5.0
Ice Magic      | 2 5 6 |  6.0
Invocations    | 3 6 |  6.0
Fighting       | |  1.1
Dodging        | |  2.6

Action                   |  1- 3 |  4- 6 |  7- 9 | 10-12 || total
-------------------------+-------+-------+-------+-------++-------
Melee: Unarmed           |   104 |   211 |   323 |    20 ||   658
       Headbutt          |     4 |     3 |       |       ||     7
       Punch             |       |     1 |     7 |       ||     8
 Cast: Beastly Appendage |     5 |     5 |     2 |       ||    12
       Sticks to Snakes  |     4 |     6 |     7 |     1 ||    18
       Spider Form       |       |     7 |    16 |     1 ||    24
       Ice Form          |       |       |    12 |     1 ||    13
  Use: Potion            |       |       |     3 |       ||     3
 Stab: Sleeping          |     4 |       |     2 |     1 ||     7
       Distracted        |       |       |     3 |       ||     3
  Eat: Chunk             |     2 |    10 |    18 |       ||    30
       Ration            |       |     1 |       |       ||     1
Armor: Robe              |    12 |    38 |    33 |     1 ||    84
       Skin              |       |     2 |    12 |     3 ||    17
Dodge: Dodged            |    57 |   144 |   247 |    12 ||   460
